 Dungeon Crawl Stone Soup version 0.31.0-11-ge490571c62 (webtiles) character file.

Game seed: 9517654008392626383

142 Aviak the Ducker (level 5, -2/40 HPs)
             Began as a Merfolk Conjurer on Feb 1, 2024.
             Splashed by a jelly's acid (7 damage)
             ... on level 3 of the Dungeon.
             The game lasted 00:04:17 (2799 turns).

Aviak the Ducker (Merfolk Conjurer)                 Turns: 2799, Time: 00:04:18

Health: -2/40      AC: -13   Str:  8    XL:     5   Next: 24%
Magic:  15/17      EV: 13    Int: 17    God:
Gold:   116        SH:  0    Dex: 14    Spells: 5/8 levels left

rFire   . . .        l - +4 dagger
rCold   . . .        (no shield)
rNeg    . . .        a - +0 robe
rPois   .            b - +0 helmet
rElec   .            (no cloak)
rCorr   .            (no gloves)
SInv    .            (no boots)
Will    .....        (no amulet)
Stlth   ++           k - ring of magical power
HPRegen 0.26/turn    (no ring)
MPRegen 0.15/turn

%: no passive effects
@: corroded
A: (nimble swimmer 2), mertail
a: no special abilities


You were on level 3 of the Dungeon.
You visited 1 branch of the dungeon, and saw 3 of its levels.

You collected 116 gold pieces.

Inventory:

Hand Weapons
 l - a +4 dagger (weapon)
Armour
 a - a +0 robe (worn)
 b - a +0 helmet (worn)
 g - a +1 ring mail of poison resistance
Jewellery
 d - the ring "Qeesos" {rPois rC+ rN+ rCorr Int-2}
   (You found it on level 3 of the Dungeon)

   [ring of positive energy]

   Int-2:     It affects your intelligence (-2).
   rC+:       It protects you from cold.
   rPois:     It protects you from poison rN+: It protects you from negative
   energy.
   rCorr:     It protects you from acid and corrosion.
 k - a ring of magical power (left hand)
Wands
 m - a wand of flame (23)
Scrolls
 e - a scroll of fog {unknown}
 h - a scroll of torment {unknown}
 i - 3 scrolls of enchant armour {unknown}
Potions
 c - a potion of curing
 f - a potion of mutation {unknown}
 j - a potion of berserk rage {unknown}


   Skills:
 + Level 2.9 Fighting
 + Level 4.6 Dodging
 - Level 2.1 Stealth
 - Level 2.0 Spellcasting
 - Level 4.0 Conjurations


You had 5 spell levels left.
You knew the following spells:

 Your Spells              Type           Power      Damage    Failure   Level
a - Magic Dart            Conj           60%        1d6       3%          1
b - Searing Ray           Conj           30%        2d5       5%          2

Your spell library contained the following spells:

 Spells                   Type           Power      Damage    Failure   Level
 Call Canine Familiar     Summ           1%         N/A       50%         3
 Sigil of Binding         Hex            1%         N/A       50%         3
 Summon Ice Beast         Ice/Summ       1%         N/A       50%         3
 Fulminant Prism          Conj/Alch      4%         3d5       63%         4
 Iskenderun's Mystic Bla  Conj/Tloc      8%         2d4       63%         4
 Dimensional Bullseye     Hex/Tloc       0%         N/A       88%         4
 Summon Mana Viper        Hex/Summ       1%         N/A       99%         5
 Monstrous Menagerie      Summ           0%         N/A       100%        7


Dungeon Overview and Level Annotations

Branches:
Dungeon (3/15)

Altars:
Vehumet

Shops:
D:3 [


Innate Abilities, Weirdness & Mutations

((You are very nimble when in or above water. (Stealth+, EV+, Speed+++)))
Your lower body shifts to a powerful aquatic tail in water.


Message History

You miss the goblin. The goblin barely misses you.
You hit the goblin.
You kill the goblin!
No target in view!
m - a wand of flame (23)
You see here a goblin corpse.
A jelly comes into view.
A jelly is nearby!
You see here 12 gold pieces.
The helpless jelly fails to defend itself.
You puncture the jelly! The acid corrodes you!
Your hands burn!
The jelly is severely wounded.
The jelly hits you. The acid corrodes you!
You are splashed with acid!
You hit the jelly but do no damage.
Your hands burn!
The jelly is severely wounded.
The jelly barely misses you.
A jelly is nearby!
You hit the jelly but do no damage. The acid corrodes you!
Your hands burn!
The jelly is severely wounded.
The jelly hits you. The acid corrodes you!
You are splashed with acid!
* * * LOW HITPOINT WARNING * * *
Casting: Searing Ray (safe; 5% risk of failure)
Confirm with . or Enter, or press ? or * to list all spells.
Aiming: Magic Dart (safe; 3% risk of failure)
Press: ? - help, Shift-Dir - straight line, f - jelly
Aim: a jelly (severely wounded, 100% to hit)
The magic dart hits the jelly.
The jelly is almost dead.
The jelly closely misses you.
Casting: Magic Dart (safe; 3% risk of failure)
Confirm with . or Enter, or press ? or * to list all spells.
Aiming: Magic Dart (safe; 3% risk of failure)
Press: ? - help, Shift-Dir - straight line, f/p - jelly
Aim: a jelly (almost dead, 100% to hit)
The magic dart hits the jelly.
The jelly is almost dead.
The jelly hits you.
* * * LOW HITPOINT WARNING * * *
You are splashed with acid!
You die...

.........).....###
......†..#........ ..
.#.#.#.........#.# ..
.........###...... ...
.........###.###.### #####.#
.#.#................ #......
.#.##...####.###..## #......
##...........# #.J# #......
###..#.###.####@.##########.#...
#.....##....$..........)......
#.##....#####.................
#.###.#.# ######...####.###.
........#.# ###.####.....
#.........# #.....#####.
#.........# #.#.#.# #.
#.........# #.#.#.######
#.........# #######.#.#.......


You could see a jelly.

Vanquished Creatures
  Robin (D:2)
  2 adders (D:2)
  3 gnolls (D:3)
  2 ribbon worms (D:2)
  4 ball pythons
  8 bats
  3 endoplasms
  A giant cockroach (D:1)
  18 goblins
  7 hobgoblins
  3 jackals (D:3)
  7 quokkas
  2 frilled lizards
  4 kobolds
  5 rats
70 creatures vanquished.

Notes
Turn   | Place    | Note
-------+----------+-------------------------------------------
     0 | D:1      | Aviak the Merfolk Conjurer began the quest for the Orb.
     0 | D:1      | Reached XP level 1. HP: 13/13 MP: 3/3
     2 | D:1      | Noticed an octopode
     4 | D:1      | Noticed a tengu
     4 | D:1      | Noticed a merfolk
     6 | D:1      | Noticed a human
     8 | D:1      | Noticed a djinni
    10 | D:1      | Noticed a demigod
    10 | D:1      | Noticed a draconian
    12 | D:1      | Noticed a vine stalker
    12 | D:1      | Noticed a gargoyle
    14 | D:1      | Noticed an elf
    14 | D:1      | Noticed a ghoul
    16 | D:1      | Noticed a troll
    16 | D:1      | Noticed a naga
    18 | D:1      | Noticed a barachi
    18 | D:1      | Noticed a demonspawn
    20 | D:1      | Noticed a spriggan
    22 | D:1      | Noticed an oni
    22 | D:1      | Noticed a vampire
    25 | D:1      | Noticed a formicid
    25 | D:1      | Noticed a minotaur
    27 | D:1      | Noticed a felid
    27 | D:1      | Noticed an armataur
   215 | D:1      | Reached XP level 2. HP: 20/20 MP: 1/5
   298 | D:1      | Reached skill level 1 in Fighting
   305 | D:1      | Learned a level 2 spell: Searing Ray
   362 | D:1      | Found a faded altar of an unknown god.
   649 | D:1      | Reached XP level 3. HP: 24/26 MP: 6/6
  1718 | D:2      | Noticed Robin
  1726 | D:2      | Reached XP level 4. HP: 33/33 MP: 3/7
  1738 | D:2      | Killed Robin
  1739 | D:2      | HP: 1/33 [goblin/+0 dagger[Robin] (4)]
  2417 | D:3      | Identified the ring "Qeesos" {rPois rC+ rN+ rCorr Int-2}
  2447 | D:3      | Reached XP level 5. HP: 18/39 MP: 8/8
  2699 | D:3      | Found a transporter.
  2701 | D:3      | Found Laukox's Antique Armour Emporium.
  2703 | D:3      | Found a transporter.
  2764 | D:3      | Found a radiant altar of Vehumet.
  2799 | D:3      | Splashed by a jelly's acid

Illustrated notes

Levels and vault maps discovered:
D:1:      kb_arrival_jail, layout_loops_ring,
          dreamdust_ecumenical_altar_angels_and_demons
D:2:      layout_basic, st_stairs_14, kennysheep_generic_room_16, uniq_robin
D:3:      layout_basic, vehumet_altar_wand_db, serial_shops,
          nicolae_shop_drivethru, shop

Skill      XL: |  1  2  3  4 |
---------------+-------------+-----
Dodging        | 3 4 |  4.6
Fighting       | 1 2 |  2.9
Conjurations   | 4 |  4.0
Stealth        | |  2.1
Spellcasting   | |  2.0

Action                     |  1- 3 |  4- 6 || total
---------------------------+-------+-------++-------
  Melee: Dagger            |     6 |    52 ||    58
         Unarmed           |     5 |       ||     5
         Short sword       |   122 |    16 ||   138
         Punch             |     2 |     1 ||     3
   Cast: Magic Dart        |    16 |     6 ||    22
         Searing Ray       |     5 |     2 ||     7
    Use: Potion            |       |     2 ||     2
   Stab: Sleeping          |     2 |     6 ||     8
 Armour: Robe              |    73 |    36 ||   109
         Ring mail         |     3 |       ||     3
  Dodge: Dodged            |   106 |    60 ||   166
